 Dungeon Crawl Stone Soup version 0.30.0-29-ga12c61a403 (webtiles) character file.

Game seed: 15822816500003738836

234248 qw the Severer (level 19, -1/128 HPs)
             Began as a Gargoyle Fighter on June 3, 2023.
             Was a High Priest of Okawaru.
             Slain by an ironbound frostheart (10 damage)
             ... on level 1 of the Vaults.
             The game lasted 00:21:54 (33576 turns).

qw the Severer (Gargoyle Fighter)                  Turns: 33576, Time: 00:21:54

Health: -1/128     AC: 51    Str: 28      XL:     19   Next: 59%
Magic:  22/26      EV: 21    Int: 11 (12) God:    Okawaru [*****.]
Gold:   16         SH: 15    Dex:  9      Spells: 18/18 levels left

rFire   + . .        r - +8 mithril axe "Arga" {speed, Will+}
rCold   + . .        x - +1 kite shield {rF+}
rNeg    + . .        t - +9 plate armour {ponderous}
rPois   inf          z - +0 helmet
rElec   +            C - +0 cloak of Xawnuti {-Cast rC+ Will+ Stlth+}
rCorr   .            b - +1 pair of gloves of the Meadowlark {rElec Int+3}
SInv    .            h - +0 pair of boots
Will    +++..        E - amulet of faith Stlth
                     g - +5 ring of evasion
HPRegen 0.41/turn    q - +5 ring of evasion
MPRegen 0.20/turn

%: no spellcasting, faith
@: about to teleport, heroic, finesse-ful, marked, flying, slow
A: sickness immunity, AC +14, big wings, negative energy resistance 1,
electricity resistance, torment resistance 1, petrification resistance
}: 1/15 runes: barnacled
a: Renounce Religion, Heroism, Finesse, Duel


You were on level 1 of the Vaults.
You worshipped Okawaru.
Okawaru was extremely pleased with you.
You visited 7 branches of the dungeon, and saw 31 of its levels.

You collected 2771 gold pieces.
You spent 2755 gold pieces at shops.


Innate Abilities, Weirdness & Mutations

You are immune to sickness and miasma.
Your stone body is resilient. (AC +14)
You are immune to poison.
Your large and strong wings let you fly.
You resist negative energy. (rN+)
You are resistant to electric shocks. (rElec)
You are resistant to unholy torment.
You are immune to petrification.


   Skills:
 - Level 17.0(22.0) Fighting
 - Level 18.0(23.0) Axes
 - Level 9.0(14.0) Throwing
 - Level 16.0(21.0) Armour
 - Level 4.0(9.0) Dodging
 + Level 15.1(20.1) Shields
 - Level 10.0 Invocations


You had 18 spell levels left.
You didn't know any spells.
Your spell library was empty.

Inventory:

Hand Weapons
 r - the +8 mithril axe "Arga" (weapon) {speed, Will+}
   (You acquired it on level 3 of the Dungeon)

   Will:      It increases your willpower.
 v - the +10 broad axe of Ru's Scorn {chaos, Will- rCorr Dex+5}
   (You acquired it on level 7 of the Dungeon)

   Dex:       It affects your dexterity (+5).
   rCorr:     It protects you from acid and corrosion.
   Will:      It decreases your willpower.
Missiles
 c - 4 javelins (quivered)
 u - 36 boomerangs
Armour
 b - the +1 pair of gloves of the Meadowlark (worn) {rElec Int+3}
   (You acquired it on level 6 of the Dungeon)

   Int:       It affects your intelligence (+3).
   rElec:     It insulates you from electricity.
 h - a +0 pair of boots (worn)
 t - a +9 plate armour of ponderousness (worn)
 x - a +1 kite shield of fire resistance (worn)
 z - a +0 helmet (worn)
 C - the +0 cloak of Xawnuti (worn) {-Cast rC+ Will+ Stlth+}
   (You acquired it on level 1 of the Vaults)

   rC:        It protects you from cold.
   -Cast:     It prevents spellcasting.
   Will:      It increases your willpower.
   Stlth:     It makes you more stealthy.
 G - the +1 chain mail of the Seven Beds {rC+ rCorr}
   (Okawaru gifted it to you on level 4 of the Shoals)

   rC:        It protects you from cold.
   rCorr:     It protects you from acid and corrosion.
Jewellery
 e - the ring "Attehar" {rF+ MP+9 Str+3 Dex-3}
   (You bought it in a shop on level 1 of the Vaults)

   [ring of magical power]

   Str:       It affects your strength (+3).
   Dex:       It affects your dexterity (-3).
   rF:        It protects you from fire.
   MP:        It affects your magic capacity (+9).
 g - a +5 ring of evasion (left hand)
 q - a +5 ring of evasion (right hand)
 s - a ring of resist corrosion
 y - a ring of protection from cold
 E - an amulet of faith (around neck)
 F - the ring "Aphilu Nenk" {Ice Will+ Int+3}
   (You bought it in a shop on level 2 of the Orcish Mines)

   [ring of ice]

   It enhances your ice magic.
   Int:       It affects your intelligence (+3).
   rF:        It makes you vulnerable to fire.
   rC:        It protects you from cold.
   Will:      It increases your willpower.
 Y - the ring of Uvezxoge {rC++ rCorr Str+2}
   (You found it on level 5 of the Lair of Beasts)

   [ring of resist corrosion]

   Str:       It affects your strength (+2).
   rC:        It greatly protects you from cold.
   rCorr:     It protects you from acid and corrosion.
Wands
 A - a wand of digging (12)
Scrolls
 a - 12 scrolls of teleportation
 l - 20 scrolls of identify
 B - 2 scrolls of brand weapon
 H - 4 scrolls of enchant weapon
Potions
 d - 3 potions of might
 f - 7 potions of attraction
 i - 11 potions of curing
 j - 3 potions of resistance
 k - 7 potions of magic
 m - 5 potions of mutation
 n - 10 potions of haste
 o - 6 potions of heal wounds
 p - 4 potions of lignification
 I - a potion of cancellation

Dungeon Overview and Level Annotations

Branches:
Dungeon (15/15)            Temple (1/1) D:5            Lair (5/5) D:9
 Shoals (4/4) Lair:2       Spider (3/4) Lair:2        Slime (0/5) Lair:5
    Orc (2/2) D:9             Elf (0/3) Orc:2        Vaults (1/5) D:13
 Depths (0/4) D:15

Altars:
Ashenzari
Cheibriados
Dithmenos
Elyvilon
Fedhas
Gozag
Hepliaklqana
Kikubaaqudgha
Makhleb
Nemelex Xobeh
Okawaru
Qazlal
Ru
Sif Muna
Trog
Uskayaw
Vehumet
Wu Jian
Xom
Yredelemnul
Zin
The Shining One

Shops:
Orc:2 !:(=   Shoals:2 (   Vaults:1 *

Annotations:
D:10 2 transporters, qw's ghost, novice GrFi
D:12 3 runed translucent doors, Soedd's ghost, journeyman DgAr
Lair:2 3 runed translucent doors, qw's ghost, journeyman GrFi
Orc:2 3 runed translucent doors, qw's ghost, adept GrFi


Message History

You feel your intelligence returning. You block the orc warlord's attack.
The orc warlord hits you from afar with a +5 bardiche of protection!
The orc knight roars a battlecry!
The orc warlord goes into a battle-frenzy!
Things that are here:
a +0 arbalest; a yaktaur corpse You slash the orc knight!
The orc knight is heavily wounded.
You slice the orc knight!!
The orc knight is severely wounded.
You slice the orc knight!!
You kill the orc knight!
Okawaru accepts your kill. You block the orc warlord's attack.
Enter note:
Enter note:
Enter note:
Enter note: You carve the orc warlord like a ham!!!
The orc warlord is heavily wounded.
You block the orc warlord's attack.
You barely miss the orc warlord.
The orc warlord is heavily wounded.
You closely miss the ironbound frostheart.
You hit the orc warlord.
The orc warlord is heavily wounded.
You slice the ironbound frostheart!!
You barely miss the ironbound frostheart.
The ironbound frostheart is severely wounded.
You hit the orc warlord but do no damage.
The orc warlord hits you with a +5 bardiche of protection!!
You block the ironbound frostheart's attack.
33576 ||| READING 13 scrolls of teleportation.
As you read the scroll of teleportation, it crumbles to dust.
You feel strangely unstable.
The orc warlord hits you but does no damage.
The vault sentinel blows a loud note on a signal horn!
The ironbound frostheart touches you!
You die...

#.>..)#p#.....#
#..po.#.#.....+
#..c#######...#
#TT.. (..# .
#.### #(#
##'########o .#
#....[(>..#. #
#.....))).#
#...>...@p#
#........op.....
#.........#.....
#.........#.....
#.........# ####
#####'#'###
..... ^....


You could see an orc warlord (strong), an ironbound frostheart and a vault
sentinel (catching breath).

Vanquished Creatures
  Arachne (Spider:2)
  Jorgrun (D:15)
  Asterion (Spider:3)
  A titan (Shoals:3)
  Agnes (D:15)
  Donald (Spider:3)
  2 emperor scorpions
  Aizul (Spider:2)
  A vault warden (Vaults:1)
  3 ghost moths
  An orc warlord (Orc:1)
  2 broodmothers
  4 ironbound preservers (Vaults:1)
  Nessos (D:13)
  4 dire elephants (Vaults:1)
  Azrael (D:14)
  2 spark wasps
  6 merfolk impalers
  2 yaktaur captains (Vaults:1)
  7 merfolk javelineers
  5 entropy weavers
  Erolcha (Orc:1)
  2 jorogumos (Spider:2)
  2 hydras
  2 vault guards (D:13)
  An alligator snapping turtle (Shoals:2)
  2 catoblepae
  A merfolk avatar (Shoals:1)
  5 merfolk aquamancers (Shoals:4)
  2 radroaches (Spider:3)
  A peacekeeper (Vaults:1)
  3 ironbound frosthearts (Vaults:1)
  11 boulder beetles
  3 centaur warriors
  2 two-headed ogres
  4 satyrs
  2 tengu warriors
  7 orc high priests
  4 skysharks
  A sun moth (Spider:2)
  A glowing orange brain (Vaults:1)
  17 deep trolls (Vaults:1)
  7 pharaoh ants
  11 sea snakes
  2 wizards (Vaults:1)
  A glowing orange brain (shapeshifter) (Vaults:1)
  2 lindwurms (Vaults:1)
  3 orb spiders
  2 ironbound convokers (Vaults:1)
  9 orc knights
  A deep elf zephyrmancer (D:15)
  A steelbarb worm (Spider:2)
  7 wolf spiders
  11 harpies
  A necromancer (D:15)
  12 cyclopes
  5 deep elf pyromancers
  A mana viper (shapeshifter) (Vaults:1)
  A moth of wrath (Spider:2)
  7 orc sorcerers
  20 fauns
  6 ugly things
  13 manticores
  9 elephants
  A centaur zombie (D:15)
  10 merfolk sirens
  2 eyes of devastation (shapeshifter) (Vaults:1)
  8 torpor snails
  3 black mambas
  2 water nymphs
  3 centaur skeletons (D:15)
  7 cane toads
  4 vault sentinels (Vaults:1)
  7 demonic crawlers
  4 gargoyles
  3 unseen horrors
  2 kobold demonologists (D:13)
  6 komodo dragons
  A rime drake (shapeshifter) (D:8)
  A freezing wraith (D:14)
  2 yaktaurs (Vaults:1)
  An efreet (D:15)
  3 rime drakes
  3 tengu conjurers
  2 polar bears (Lair:5)
  5 trolls
  4 tyrant leeches (Spider:2)
  A tarantella (shapeshifter) (Vaults:1)
  A hornet (shapeshifter) (Vaults:1)
  17 tarantellas
  20 blink frogs
  26 merfolk
  6 hornets
  8 wind drakes
  A wolf spider simulacrum (D:14)
  12 snapping turtles
  12 dream sheep
  12 slime creatures
  28 jumping spiders
  13 spriggans (Lair:5)
  A shadow (D:12)
  13 culicivoras
  5 wyverns
  10 water elementals
  48 yaks
  A vampire (D:10)
  10 humans (D:13)
  Eustachio (D:3)
  A wraith (D:11)
  3 basilisks
  9 steam dragons
  33 redbacks
  12 vampire mosquitoes
  4 wargs
  3 acid dragons
  4 hell hounds (D:14)
  13 water moccasins
  A sky beast (D:7)
  2 swamp drakes (Lair:5)
  23 orc warriors
  8 black bears
  7 boggarts
  5 ogres
  10 centaurs
  21 wolves
  A phantom (D:5)
  5 kobold brigands
  5 bullfrogs
  3 gnoll sergeants
  A scorpion (shapeshifter) (D:15)
  4 scorpions
  2 wights
  9 killer bees (D:9)
  7 electric eels
  10 howler monkeys
  A crimson imp (D:8)
  3 hounds
  2 jellies
  A gnoll bouda (Orc:2)
  35 orc priests
  2 sleepcaps
  2 iguanas
  21 orc wizards
  25 gnolls
  10 adders
  A shadow imp (D:4)
  2 ufetubi
  3 worms
  5 dart slugs
  82 orcs
  4 bats
  11 endoplasms
  2 giant cockroaches
  8 goblins
  9 hobgoblins
  A jackal (D:4)
  4 quokkas
  4 ball pythons
  2 frilled lizards
  A goblin skeleton (D:8)
  3 goblin zombies (D:8)
  2 hobgoblin zombies (D:8)
  28 kobolds
  2 kobold skeletons (D:8)
  An orc skeleton (D:8)
  2 orc zombies (D:8)
  3 rats
  2 rat zombies (D:3)
  A spectral weapon (Spider:3)
1075 creatures vanquished.

Vanquished Creatures (others)
  A tarantella (Spider:3)
  An electric eel (Lair:5)
2 creatures vanquished.

Grand Total: 1077 creatures vanquished

Notes
Turn   | Place    | Note
-------+----------+-------------------------------------------
     0 | D:1      | qw the Gargoyle Fighter began the quest for the Orb.
     0 | D:1      | Reached XP level 1. HP: 14/14 MP: 1/1
     0 | D:1      | 0 ||| qw: Version: 0.2-a-103-g5a998e5
     0 | D:1      | 0 ||| qw: Game counter: 1025
     0 | D:1      | 0 ||| qw: Always use a shield: true
     0 | D:1      | 0 ||| qw: God list: Okawaru
     0 | D:1      | 0 ||| qw: Allow faded altars: false
     0 | D:1      | 0 ||| qw: Do Orc after D:15 true
     0 | D:1      | 0 ||| qw: Do second Lair branch before Depths: true
     0 | D:1      | 0 ||| qw: Lair rune preference: random
     0 | D:1      | 0 ||| qw: Plans: Normal, Zot:1-4, Slime:5, God:TSO, Crypt,
                  | Tomb, Pan, Hells, Abyss, Win
     0 | D:1      | 0 ||| PLANNING D:1-11
    31 | D:1      | Reached skill level 2 in Axes
    64 | D:1      | Reached XP level 2. HP: 17/19 MP: 2/2
   192 | D:1      | 192 ||| Stepping ~*~*~tactically~*~*~ (hiding).
   208 | D:1      | Reached skill level 3 in Axes
   329 | D:1      | Reached XP level 3. HP: 21/23 MP: 3/3
   561 | D:1      | 561 ||| UPGRADING to ring of resist corrosion.
   562 | D:1      | 562 ||| READING 2 scrolls labelled BOGREFUOPS.
   565 | D:1      | 565 ||| READING scroll labelled GORAWE HIFROEL.
   754 | D:2      | 754 ||| FLEEEEING.
   763 | D:2      | 763 ||| STAIRDANCE
   783 | D:2      | Noticed a scorpion
   790 | D:2      | Killed a scorpion
   791 | D:2      | Reached skill level 4 in Axes
   791 | D:2      | Reached XP level 4. HP: 18/28 MP: 4/4
  1222 | D:2      | 1222 ||| Stepping ~*~*~tactically~*~*~ (stealth).
  1223 | D:2      | 1223 ||| Stepping ~*~*~tactically~*~*~ (stealth).
  1225 | D:2      | 1225 ||| Stepping ~*~*~tactically~*~*~ (hiding).
  1493 | D:2      | 1493 ||| READING scroll labelled ILLEULO WOEPIXI.
  1494 | D:2      | 1494 ||| READING scroll labelled JOICZUU XYAQA.
  1632 | D:3      | Reached XP level 5. HP: 32/32 MP: 5/5
  1773 | D:3      | 1773 ||| Stepping ~*~*~tactically~*~*~ (hiding).
  1841 | D:3      | Found a bloodstained altar of Trog.
  1889 | D:3      | Found a hazy altar of Hepliaklqana.
  2015 | D:3      | Found an ancient bone altar of Kikubaaqudgha.
  2026 | D:3      | 2026 ||| Stepping ~*~*~tactically~*~*~ (stealth).
  2103 | D:3      | 2103 ||| UPGRADING to ring of protection from cold.
  2104 | D:3      | 2104 ||| READING 2 scrolls labelled UDGHUSM MEMAPNU.
  2105 | D:3      | 2105 ||| READING scroll labelled UDGHUY WOKKELO.
  2106 | D:3      | 2106 ||| READING scroll labelled KYGUAN ED JAFY.
  2106 | D:3      | Identified a scroll of acquirement
  2106 | D:3      | 2106 ||| ACQUIRING +8 mithril axe "Arga" {speed, Will+}
  2106 | D:3      | Acquired the +8 mithril axe "Arga" {speed, Will+}
  2106 | D:3      | Found the +8 mithril axe "Arga" {speed, Will+}
  2108 | D:3      | 2108 ||| SWAPPING to +8 mithril axe "Arga" {speed, Will+}.
  2109 | D:3      | 2109 ||| DROPPING +0 war axe.
  2110 | D:3      | 2110 ||| DRINKING 2 yellow potions.
  2111 | D:3      | 2111 ||| DRINKING 4 bubbling purple potions.
  2112 | D:3      | 2112 ||| DROPPING potion of flight.
  2113 | D:3      | 2113 ||| DROPPING scroll of poison.
  2130 | D:4      | Noticed Eustachio
  2153 | D:4      | 2153 ||| STAIRDANCE
  2158 | D:3      | Killed Eustachio
  2159 | D:3      | Reached skill level 5 in Axes
  2159 | D:3      | Reached XP level 6. HP: 20/37 MP: 6/6
  2269 | D:4      | HP: 9/37 [orc priest/divine providence (16)]
  2270 | D:4      | 2270 ||| READING 4 scrolls of teleportation.
  2271 | D:4      | 2271 ||| DRINKING 3 potions of heal wounds.
  2553 | D:4      | Reached skill level 1 in Dodging
  2657 | D:4      | Reached skill level 6 in Axes
  2657 | D:4      | Reached XP level 7. HP: 43/43 MP: 7/7
  2893 | D:4      | Found a snail-covered altar of Cheibriados.
  2962 | D:4      | 2962 ||| Stepping ~*~*~tactically~*~*~ (hiding).
  2964 | D:4      | 2964 ||| Stepping ~*~*~tactically~*~*~ (hiding).
  3261 | D:4      | 3261 ||| Stepping ~*~*~tactically~*~*~ (stealth).
  3263 | D:4      | 3263 ||| Stepping ~*~*~tactically~*~*~ (hiding).
  3273 | D:4      | 3273 ||| Stepping ~*~*~tactically~*~*~ (stealth).
  3282 | D:4      | Reached skill level 7 in Axes
  3364 | D:4      | Identified the +4 leather armour of Vehumet's Generosity
                  | {Str+4 Int-2}
  3405 | D:4      | 3405 ||| UPGRADING to +4 leather armour of Vehumet's
                  | Generosity {Str+4 Int-2}.
  3415 | D:4      | 3415 ||| DROPPING +0 scale mail.
  3416 | D:4      | 3416 ||| READING 2 scrolls labelled FARYEL PUGO.
  3417 | D:4      | 3417 ||| DRINKING 3 amethyst potions.
  3418 | D:4      | 3418 ||| READING 5 scrolls of identify.
  3418 | D:4      | 3418 ||| IDENTIFYING puce potion
  3419 | D:4      | 3419 ||| READING 4 scrolls of identify.
  3419 | D:4      | 3419 ||| IDENTIFYING fizzy purple potion
  3420 | D:4      | 3420 ||| READING 3 scrolls of identify.
  3420 | D:4      | 3420 ||| IDENTIFYING glowing cyan potion
  3421 | D:4      | 3421 ||| READING 2 scrolls of identify.
  3421 | D:4      | 3421 ||| IDENTIFYING viscous amethyst potion
  3422 | D:4      | 3422 ||| DROPPING potion of degeneration.
  3423 | D:4      | 3423 ||| DROPPING 2 potions of brilliance.
  3424 | D:4      | 3424 ||| DROPPING potion of invisibility.
  3425 | D:4      | 3425 ||| DROPPING scroll of fear.
  3454 | D:5      | Entered Level 5 of the Dungeon
  3479 | D:5      | 3479 ||| Stepping ~*~*~tactically~*~*~ (hiding).
  3576 | D:5      | 3576 ||| DROPPING +0 mace.
  3582 | D:5      | Reached XP level 8. HP: 35/49 MP: 8/8
  4182 | D:5      | Reached skill level 8 in Axes
  4211 | D:5      | Found a staircase to the Ecumenical Temple.
  4212 | D:5      | 4212 ||| PLANNING TEMPLE
  4212 | D:5      | 4212 ||| UPGRADING to +0 chain mail.
  4222 | D:5      | 4222 ||| DROPPING +2 leather armour of fire resistance.
  4223 | D:5      | 4223 ||| DROPPING +4 leather armour of Vehumet's Generosity
                  | {Str+4 Int-2}.
  4224 | D:5      | 4224 ||| READING scroll labelled VYOPUDD NYLYA.
  4225 | D:5      | 4225 ||| READING 2 scrolls of identify.
  4225 | D:5      | 4225 ||| IDENTIFYING green potion
  4237 | Temple   | Entered the Ecumenical Temple
  4271 | Temple   | 4271 ||| PLANNING D:1-11
  4336 | D:5      | Found a sparkling altar of Nemelex Xobeh.
  4524 | D:6      | 4524 ||| DROPPING +0 flail.
  4621 | D:6      | Reached skill level 6 in Fighting
  4667 | D:6      | 4667 ||| READING scroll of acquirement.
  4667 | D:6      | 4667 ||| ACQUIRING +1 pair of gloves of the Meadowlark
                  | {rElec Int+3}
  4667 | D:6      | Acquired the +1 pair of gloves of the Meadowlark {rElec
                  | Int+3}
  4669 | D:6      | 4669 ||| UPGRADING to +1 pair of gloves of the Meadowlark
                  | {rElec Int+3}.
  4676 | D:6      | 4676 ||| Stepping ~*~*~tactically~*~*~ (hiding).
  4833 | D:6      | 4833 ||| Stepping ~*~*~tactically~*~*~ (stealth).
  4854 | D:6      | Found a basalt altar of Yredelemnul.
  4874 | D:6      | 4874 ||| Stepping ~*~*~tactically~*~*~ (hiding).
  4876 | D:6      | 4876 ||| Stepping ~*~*~tactically~*~*~ (hiding).
  4877 | D:6      | 4877 ||| Stepping ~*~*~tactically~*~*~ (hiding).
  4890 | D:6      | Reached skill level 9 in Axes
  4934 | D:6      | 4934 ||| Stepping ~*~*~tactically~*~*~ (hiding).
  4969 | D:6      | 4969 ||| Stepping ~*~*~tactically~*~*~ (stealth).
  5028 | D:6      | Identified the +3 great sword "Exzegi" {elec, Str+3 Int+3}
  5050 | D:6      | Found a basalt altar of Yredelemnul.
  5052 | D:6      | Found a sparkling altar of Nemelex Xobeh.
  5052 | D:6      | Found a snail-covered altar of Cheibriados.
  5054 | D:6      | Found a shimmering altar of Xom.
  5054 | D:6      | Found a basalt altar of Yredelemnul.
  5054 | D:6      | Found an iron altar of Okawaru.
  5055 | D:6      | 5055 ||| PLANNING OKAWARU WORSHIP
  5055 | D:6      | 5055 ||| READING scroll labelled KEULIJ LUISHRUR.
  5056 | D:6      | 5056 ||| READING 4 scrolls of identify.
  5056 | D:6      | 5056 ||| IDENTIFYING inky potion
  5064 | D:6      | 5064 ||| PLANNING D:1-11
  5271 | D:6      | Reached XP level 9. HP: 53/55 MP: 9/9
  5705 | D:7      | 5705 ||| Stepping ~*~*~tactically~*~*~ (hiding).
  5707 | D:7      | 5707 ||| Stepping ~*~*~tactically~*~*~ (hiding).
  5919 | D:7      | 5919 ||| Stepping ~*~*~tactically~*~*~ (hiding).
  5927 | D:7      | 5927 ||| Stepping ~*~*~tactically~*~*~ (hiding).
  5938 | D:7      | 5938 ||| Stepping ~*~*~tactically~*~*~ (hiding).
  5961 | D:7      | 5961 ||| Stepping ~*~*~tactically~*~*~ (stealth).
  6012 | D:7      | 6012 ||| READING scroll of acquirement.
  6012 | D:7      | 6012 ||| ACQUIRING +10 broad axe of Ru's Scorn {chaos,
                  | Will- rCorr Dex+5}
  6012 | D:7      | Acquired the +10 broad axe of Ru's Scorn {chaos, Will-
                  | rCorr Dex+5}
  6021 | D:7      | 6021 ||| Stepping ~*~*~tactically~*~*~ (hiding).
  6031 | D:7      | Reached skill level 1 in Throwing
  6031 | D:7      | 6031 ||| Stepping ~*~*~tactically~*~*~ (hiding).
  6069 | D:7      | 6069 ||| Stepping ~*~*~tactically~*~*~ (stealth).
  6260 | D:7      | 6260 ||| Stepping ~*~*~tactically~*~*~ (hiding).
  6396 | D:7      | 6396 ||| Stepping ~*~*~tactically~*~*~ (hiding).
  6561 | D:7      | 6561 ||| UPGRADING to +0 pair of boots.
  6566 | D:7      | 6566 ||| UPGRADING to +9 plate armour of ponderousness.
  6576 | D:7      | 6576 ||| DROPPING +0 chain mail.
  6577 | D:7      | 6577 ||| UPGRADING to +0 cloak.
  6582 | D:7      | 6582 ||| DRINKING 2 fuming cyan potions.
  6583 | D:7      | 6583 ||| READING 6 scrolls of identify.
  6583 | D:7      | 6583 ||| IDENTIFYING fizzy emerald potion
  6584 | D:7      | 6584 ||| READING 5 scrolls of identify.
  6584 | D:7      | 6584 ||| IDENTIFYING emerald potion
  6585 | D:7      | 6585 ||| DROPPING potion of magic.
  6686 | D:8      | Found a glowing golden altar of the Shining One.
  6705 | D:8      | 6705 ||| Stepping ~*~*~tactically~*~*~ (stealth).
  6717 | D:8      | 6717 ||| Stepping ~*~*~tactically~*~*~ (hiding).
  6718 | D:8      | 6718 ||| Stepping ~*~*~tactically~*~*~ (hiding).
  6719 | D:8      | 6719 ||| Stepping ~*~*~tactically~*~*~ (hiding).
  6720 | D:8      | 6720 ||| Stepping ~*~*~tactically~*~*~ (hiding).
  6721 | D:8      | 6721 ||| Stepping ~*~*~tactically~*~*~ (hiding).
  6722 | D:8      | 6722 ||| Stepping ~*~*~tactically~*~*~ (hiding).
  6723 | D:8      | 6723 ||| Stepping ~*~*~tactically~*~*~ (hiding).
  6735 | D:8      | 6735 ||| Stepping ~*~*~tactically~*~*~ (stealth).
  6738 | D:8      | 6738 ||| Stepping ~*~*~tactically~*~*~ (stealth).
  6967 | D:8      | Found an opulent altar of Gozag.
  7025 | D:8      | Noticed a black mamba
  7025 | D:8      | 7025 ||| Stepping ~*~*~tactically~*~*~ (stealth).
  7028 | D:8      | a black mamba changed into a shapeshifter
  7029 | D:8      | a shapeshifter changed into a troll
  7029 | D:8      | Noticed a troll (shapeshifter)
  7031 | D:8      | Reached skill level 6 in Armour
  7033 | D:8      | Reached skill level 10 in Axes
  7033 | D:8      | a troll changed into a rime drake
  7033 | D:8      | Noticed a rime drake (shapeshifter)
  7036 | D:8      | Killed a rime drake
  7037 | D:8      | Reached XP level 10. HP: 45/63 MP: 10/10
  7156 | D:8      | 7156 ||| Stepping ~*~*~tactically~*~*~ (stealth).
  7193 | D:8      | 7193 ||| Stepping ~*~*~tactically~*~*~ (stealth).
  7194 | D:8      | 7194 ||| Stepping ~*~*~tactically~*~*~ (stealth).
  7196 | D:8      | 7196 ||| Stepping ~*~*~tactically~*~*~ (stealth).
  7197 | D:8      | 7197 ||| Stepping ~*~*~tactically~*~*~ (stealth).
  7216 | D:8      | Found an iron altar of Okawaru.
  7217 | D:8      | 7217 ||| PLANNING OKAWARU WORSHIP
  7217 | D:8      | 7217 ||| UPGRADING to +4 ring of slaying {mikee}.
  7219 | D:8      | 7219 ||| READING scroll labelled IXZAD AGYE.
  7224 | D:8      | Became a worshipper of Warmaster Okawaru
  7224 | D:8      | 7224 ||| PLANNING D:1-11
  7251 | D:8      | 7251 ||| Stepping ~*~*~tactically~*~*~ (stealth).
  7257 | D:8      | 7257 ||| Stepping ~*~*~tactically~*~*~ (stealth).
  7347 | D:8      | Reached * piety under Okawaru
  7349 | D:8      | Reached skill level 1 in Invocations
  7396 | D:8      | Found a burning altar of Makhleb.
  7397 | D:8      | Found a shadowy altar of Dithmenos.
  7643 | D:8      | 7643 ||| Stepping ~*~*~tactically~*~*~ (stealth).
  7713 | D:9      | 7713 ||| INVOKING Heroism.
  7732 | D:9      | 7732 ||| INVOKING Heroism.
  7889 | D:9      | Found a broken altar of Ashenzari.
  7903 | D:9      | Found a blossoming altar of Fedhas.
  7906 | D:9      | 7906 ||| Stepping ~*~*~tactically~*~*~ (stealth).
  7918 | D:9      | Reached skill level 3 in Invocations
  7926 | D:9      | Reached skill level 11 in Axes
  7984 | D:9      | Identified the +6 whip of Animal Spirits {flame, rN+
                  | Stlth+}
  8030 | D:9      | Found a staircase to the Orcish Mines.
  8032 | D:9      | 8032 ||| FLEEEEING.
  8033 | D:9      | 8033 ||| FLEEEEING.
  8034 | D:9      | 8034 ||| FLEEEEING.
  8062 | D:9      | 8062 ||| Stepping ~*~*~tactically~*~*~ (stealth).
  8068 | D:9      | 8068 ||| Stepping ~*~*~tactically~*~*~ (stealth).
  8070 | D:9      | 8070 ||| Stepping ~*~*~tactically~*~*~ (stealth).
  8074 | D:9      | Reached ** piety under Okawaru
  8085 | D:9      | Reached XP level 11. HP: 68/68 MP: 14/14
  8256 | D:9      | Found a flagged portal.
  8262 | D:9      | 8262 ||| Stepping ~*~*~tactically~*~*~ (hiding).
  8264 | D:9      | 8264 ||| Stepping ~*~*~tactically~*~*~ (stealth).
  8371 | D:9      | Found a sacrificial altar of Ru.
  8475 | D:9      | Found a staircase to the Lair.
  8498 | D:9      | 8498 ||| INVOKING Heroism.
  8508 | D:9      | Reached skill level 9 in Fighting
  8618 | D:9      | 8618 ||| INVOKING Heroism.
  8620 | D:9      | 8620 ||| Stepping ~*~*~tactically~*~*~ (water).
  8807 | D:9      | 8807 ||| PLANNING LAIR
  8807 | D:9      | 8807 ||| UPGRADING to +0 helmet.
  8812 | D:9      | 8812 ||| READING scroll labelled GYS LAFASOLUE.
  8813 | D:9      | 8813 ||| READING scroll labelled NAERUCZENK.
  8858 | Lair:1   | Entered Level 1 of the Lair of Beasts
  8887 | Lair:1   | 8887 ||| INVOKING Heroism.
  8915 | Lair:1   | 8915 ||| Stepping ~*~*~tactically~*~*~ (stealth).
  8924 | Lair:1   | Reached *** piety under Okawaru
  8953 | Lair:1   | 8953 ||| Stepping ~*~*~tactically~*~*~ (stealth).
  8956 | Lair:1   | 8956 ||| INVOKING Heroism.
  8961 | Lair:1   | Reached skill level 9 in Armour
  9016 | Lair:1   | 9016 ||| INVOKING Heroism.
  9092 | Lair:1   | Reached skill level 12 in Axes
  9106 | Lair:1   | Reached **** piety under Okawaru
  9485 | Lair:1   | Noticed a catoblepas
  9486 | Lair:1   | 9486 ||| INVOKING Heroism.
  9494 | Lair:1   | Killed a catoblepas
  9640 | Lair:1   | Reached skill level 6 in Shields
  9795 | Lair:1   | 9795 ||| READING scroll labelled REOJYD YFOPSA.
  9883 | Lair:2   | Found a runed translucent gate.
  9883 | Lair:2   | Found a runed translucent gate.
  9883 | Lair:2   | Found a runed translucent gate.
  9885 | Lair:2   | Noticed a minotaur
  9886 | Lair:2   | Noticed qw's ghost (journeyman GrFi)
  9894 | Lair:2   | Found a hole to the Spider Nest.
  9904 | Lair:2   | 9904 ||| Stepping ~*~*~tactically~*~*~ (stealth).
  9921 | Lair:2   | 9921 ||| FLEEEEING.
  9922 | Lair:2   | 9922 ||| FLEEEEING.
  9956 | Lair:2   | Reached skill level 6 in Invocations
  9966 | Lair:2   | Reached ***** piety under Okawaru
  9967 | Lair:2   | Reached XP level 12. HP: 75/77 MP: 16/16
 10098 | Lair:2   | Noticed a catoblepas
 10102 | Lair:2   | 10102 ||| INVOKING Heroism.
 10107 | Lair:2   | Killed a catoblepas
 10273 | Lair:2   | Found a staircase to the Shoals.
 10334 | Lair:2   | 10334 ||| INVOKING Heroism.
 10758 | Lair:2   | 10758 ||| DROPPING ring of magical power.
 10759 | Lair:2   | 10759 ||| UPGRADING to +5 ring of evasion.
 10761 | Lair:2   | 10761 ||| DROPPING ring of willpower.
 10762 | Lair:2   | 10762 ||| UPGRADING to +4 ring of slaying {mikee}.
 10787 | Lair:3   | 10787 ||| Stepping ~*~*~tactically~*~*~ (stealth).
 10788 | Lair:3   | 10788 ||| Stepping ~*~*~tactically~*~*~ (stealth).
 10863 | Lair:3   | Noticed a four-headed hydra
 10864 | Lair:3   | 10864 ||| INVOKING Heroism.
 10865 | Lair:3   | 10865 ||| INVOKING Finesse.
 10870 | Lair:3   | 10870 ||| SWAPPING to +0 morningstar.
 10872 | Lair:3   | Killed a four-headed hydra
 10873 | Lair:3   | 10873 ||| SWAPPING to +8 mithril axe "Arga" {speed, Will+}.
 11026 | Lair:3   | 11026 ||| Stepping ~*~*~tactically~*~*~ (stealth).
 11033 | Lair:3   | Noticed a boulder beetle
 11034 | Lair:3   | 11034 ||| INVOKING Heroism.
 11039 | Lair:3   | Reached skill level 9 in Invocations
 11039 | Lair:3   | 11039 ||| INVOKING Finesse.
 11044 | Lair:3   | Reached skill level 13 in Axes
 11056 | Lair:3   | Killed a boulder beetle
 11056 | Lair:3   | Received a gift from Okawaru
 11112 | Lair:3   | 11112 ||| FLEEEEING.
 11114 | Lair:3   | 11114 ||| FLEEEEING.
 11116 | Lair:3   | 11116 ||| FLEEEEING.
 11118 | Lair:3   | 11118 ||| FLEEEEING.
 11119 | Lair:3   | 11119 ||| INVOKING Heroism.
 11457 | Lair:3   | 11457 ||| READING 11 scrolls of identify.
 11457 | Lair:3   | 11457 ||| IDENTIFYING fuming pink potion
 11458 | Lair:3   | 11458 ||| DROPPING potion of ambrosia.
 11538 | Lair:4   | Noticed a seven-headed hydra
 11539 | Lair:4   | 11539 ||| INVOKING Heroism.
 11540 | Lair:4   | 11540 ||| INVOKING Finesse.
 11545 | Lair:4   | 11545 ||| SWAPPING to +0 morningstar.
 11548 | Lair:4   | Killed a seven-headed hydra
 11549 | Lair:4   | 11549 ||| SWAPPING to +8 mithril axe "Arga" {speed, Will+}.
 11619 | Lair:4   | 11619 ||| Stepping ~*~*~tactically~*~*~ (water).
 11636 | Lair:4   | Reached XP level 13. HP: 82/82 MP: 20/20
 11748 | Lair:4   | 11748 ||| Stepping ~*~*~tactically~*~*~ (stealth).
 11891 | Lair:4   | 11891 ||| INVOKING Heroism.
 12302 | Lair:5   | Entered Level 5 of the Lair of Beasts
 12316 | Lair:5   | 12316 ||| INVOKING Heroism.
 12349 | Lair:5   | Found a staircase to the Slime Pits.
 12402 | Lair:5   | 12402 ||| Stepping ~*~*~tactically~*~*~ (hiding).
 12430 | Lair:5   | 12430 ||| Stepping ~*~*~tactically~*~*~ (stealth).
 12471 | Lair:5   | 12471 ||| INVOKING Heroism.
 12485 | Lair:5   | 12485 ||| Stepping ~*~*~tactically~*~*~ (stealth).
 12489 | Lair:5   | 12489 ||| Stepping ~*~*~tactically~*~*~ (hiding).
 12497 | Lair:5   | Reached skill level 14 in Axes
 12501 | Lair:5   | 12501 ||| INVOKING Heroism.
 12599 | Lair:5   | 12599 ||| FLEEEEING.
 12600 | Lair:5   | 12600 ||| FLEEEEING.
 12601 | Lair:5   | 12601 ||| FLEEEEING.
 12788 | Lair:5   | 12788 ||| Stepping ~*~*~tactically~*~*~ (stealth).
 12802 | Lair:5   | 12802 ||| INVOKING Heroism.
 12853 | Lair:5   | 12853 ||| INVOKING Heroism.
 12904 | Lair:5   | 12904 ||| Stepping ~*~*~tactically~*~*~ (stealth).
 12906 | Lair:5   | 12906 ||| Stepping ~*~*~tactically~*~*~ (stealth).
 12938 | Lair:5   | 12938 ||| INVOKING Heroism.
 12946 | Lair:5   | 12946 ||| SWAPPING to +0 morningstar.
 12948 | Lair:5   | 12948 ||| SWAPPING to +8 mithril axe "Arga" {speed, Will+}.
 12983 | Lair:5   | 12983 ||| Stepping ~*~*~tactically~*~*~ (stealth).
 13012 | Lair:5   | 13012 ||| INVOKING Heroism.
 13025 | Lair:5   | Identified the ring of Uvezxoge {rC++ rCorr Str+2}
 13103 | Lair:5   | 13103 ||| INVOKING Heroism.
 13112 | Lair:5   | 13112 ||| INVOKING Finesse.
 13549 | Lair:5   | 13549 ||| PLANNING D:1-11
 13549 | Lair:5   | 13549 ||| UPGRADING to ring of Uvezxoge {rC++ rCorr Str+2}.
 13551 | Lair:5   | 13551 ||| UPGRADING to +5 ring of evasion.
 13553 | Lair:5   | 13553 ||| READING scroll labelled LUOPTUOBUCW.
 13722 | D:10     | Entered Level 10 of the Dungeon
 13744 | D:10     | 13744 ||| Stepping ~*~*~tactically~*~*~ (hiding).
 13795 | D:10     | Found an ornate altar of the Wu Jian Council.
 14098 | D:10     | Noticed qw's ghost (novice GrFi)
 14098 | D:10     | Identified the +4 dire flail of Duty {freeze, Fragile rN+
                  | Str+2}
 14098 | D:10     | Identified the +1 dire flail "Opubruen" {venom, rN+ Dex+3}
 14099 | D:10     | Found a transporter.
 14103 | D:10     | Found a transporter.
 14160 | D:10     | 14160 ||| INVOKING Heroism.
 14168 | D:10     | 14168 ||| Stepping ~*~*~tactically~*~*~ (cloud).
 14169 | D:10     | 14169 ||| Stepping ~*~*~tactically~*~*~ (cloud).
 14320 | D:10     | Gained mutation: Your large and strong wings let you fly.
                  | [Gargoyle growth]
 14320 | D:10     | Reached XP level 14. HP: 78/90 MP: 21/21
 14777 | D:11     | You are sucked into a shaft and drop 3 floors!
 14778 | D:14     | Noticed Azrael
 14779 | D:14     | 14779 ||| INVOKING Heroism.
 14794 | D:14     | Killed Azrael
 14795 | D:14     | Reached skill level 15 in Axes
 14914 | D:14     | 14914 ||| READING scroll labelled FUHOMYL NAEM.
 14922 | D:14     | 14922 ||| Stepping ~*~*~tactically~*~*~ (hiding).
 15525 | D:11     | 15525 ||| DROPPING +6 ring of strength.
 15526 | D:11     | 15526 ||| Stepping randomly (disturbance).
 15545 | D:11     | Reached skill level 12 in Fighting
 15581 | D:11     | 15581 ||| Stepping ~*~*~tactically~*~*~ (hiding).
 15922 | D:11     | 15922 ||| INVOKING Heroism.
 15997 | D:11     | 15997 ||| PLANNING D
 16070 | D:12     | 16070 ||| Stepping ~*~*~tactically~*~*~ (hiding).
 16077 | D:12     | 16077 ||| Stepping ~*~*~tactically~*~*~ (hiding).
 16080 | D:12     | 16080 ||| INVOKING Heroism.
 16150 | D:12     | Found an opulent altar of Gozag.
 16235 | D:12     | Reached skill level 12 in Armour
 16419 | D:12     | 16419 ||| Stepping ~*~*~tactically~*~*~ (stealth).
 16594 | D:12     | Identified the +4 plate armour "Ydevo" {*Slow rPois Str+2}
 16595 | D:12     | Noticed Soedd's ghost (journeyman DgAr)
 16596 | D:12     | Found a runed translucent gate.
 16596 | D:12     | Found a runed translucent gate.
 16596 | D:12     | Found a runed translucent gate.
 17051 | D:13     | Received a gift from Okawaru
 17057 | D:13     | 17057 ||| Stepping ~*~*~tactically~*~*~ (stealth).
 17069 | D:13     | 17069 ||| INVOKING Heroism.
 17083 | D:13     | Received a gift from Okawaru
 17221 | D:13     | 17221 ||| Stepping ~*~*~tactically~*~*~ (hiding).
 17222 | D:13     | 17222 ||| Stepping ~*~*~tactically~*~*~ (hiding).
 17239 | D:13     | Reached skill level 16 in Axes
 17246 | D:13     | 17246 ||| Stepping ~*~*~tactically~*~*~ (hiding).
 17247 | D:13     | 17247 ||| Stepping ~*~*~tactically~*~*~ (hiding).
 17249 | D:13     | 17249 ||| Stepping ~*~*~tactically~*~*~ (hiding).
 17355 | D:13     | 17355 ||| FLEEEEING.
 17356 | D:13     | 17356 ||| FLEEEEING.
 17413 | D:13     | Found a gate to the Vaults.
 17457 | D:13     | Noticed Nessos
 17458 | D:13     | 17458 ||| INVOKING Finesse.
 17459 | D:13     | 17459 ||| Stepping ~*~*~tactically~*~*~ (hiding).
 17469 | D:13     | 17469 ||| INVOKING Heroism.
 17494 | D:13     | HP: 23/92 [Nessos/arrow (4)]
 17495 | D:13     | 17495 ||| READING 9 scrolls of teleportation.
 17496 | D:13     | 17496 ||| DRINKING 6 potions of heal wounds.
 17502 | D:13     | Killed Nessos
 17503 | D:13     | Reached skill level 3 in Dodging
 17524 | D:13     | 17524 ||| INVOKING Heroism.
 17564 | D:13     | 17564 ||| INVOKING Heroism.
 17604 | D:13     | 17604 ||| Stepping ~*~*~tactically~*~*~ (stealth).
 17944 | D:13     | 17944 ||| UPGRADING to +0 kite shield.
 17954 | D:13     | 17954 ||| DROPPING +0 buckler.
 18090 | D:14     | 18090 ||| Stepping ~*~*~tactically~*~*~ (hiding).
 18723 | D:15     | Entered Level 15 of the Dungeon
 18725 | D:15     | 18725 ||| INVOKING Heroism.
 18727 | D:15     | Noticed Jorgrun
 18728 | D:15     | 18728 ||| INVOKING Finesse.
 18731 | D:15     | Reached XP level 15. HP: 95/96 MP: 14/22
 18734 | D:15     | Reached skill level 9 in Shields
 18763 | D:15     | Killed Jorgrun
 18864 | D:15     | Identified the scarf of Okawaru's Delight {shadows, +Blink
                  | MP+9 Str+2} (Okawaru gifted it to you on level 15 of the
                  | Dungeon)
 18864 | D:15     | Received a gift from Okawaru
 18944 | D:15     | Noticed Agnes
 18945 | D:15     | 18945 ||| INVOKING Heroism.
 18946 | D:15     | 18946 ||| INVOKING Finesse.
 18956 | D:15     | Killed Agnes
 19057 | D:15     | 19057 ||| Stepping ~*~*~tactically~*~*~ (stealth).
 19066 | D:15     | 19066 ||| Stepping ~*~*~tactically~*~*~ (hiding).
 19068 | D:15     | 19068 ||| Stepping ~*~*~tactically~*~*~ (hiding).
 19096 | D:15     | Found a staircase to the Depths.
 19727 | D:15     | 19727 ||| PLANNING ORC
 19727 | D:15     | 19727 ||| DROPPING scarf of Okawaru's Delight {shadows,
                  | +Blink MP+9 Str+2}.
 19898 | Orc:1    | Entered Level 1 of the Orcish Mines
 19999 | Orc:1    | 19999 ||| Stepping ~*~*~tactically~*~*~ (hiding).
 20001 | Orc:1    | 20001 ||| Stepping ~*~*~tactically~*~*~ (hiding).
 20002 | Orc:1    | 20002 ||| Stepping ~*~*~tactically~*~*~ (hiding).
 20021 | Orc:1    | 20021 ||| Stepping ~*~*~tactically~*~*~ (stealth).
 20022 | Orc:1    | 20022 ||| Stepping ~*~*~tactically~*~*~ (stealth).
 20200 | Orc:2    | Entered Level 2 of the Orcish Mines
 20218 | Orc:2    | 20218 ||| INVOKING Heroism.
 20319 | Orc:2    | 20319 ||| Stepping ~*~*~tactically~*~*~ (stealth).
 20327 | Orc:2    | 20327 ||| Stepping ~*~*~tactically~*~*~ (hiding).
 20445 | Orc:2    | Found a runed translucent gate.
 20445 | Orc:2    | Found a runed translucent gate.
 20446 | Orc:2    | Found a runed translucent gate.
 20528 | Orc:2    | 20528 ||| Stepping ~*~*~tactically~*~*~ (hiding).
 20529 | Orc:2    | 20529 ||| Stepping ~*~*~tactically~*~*~ (hiding).
 20556 | Orc:2    | 20556 ||| Stepping ~*~*~tactically~*~*~ (hiding).
 20558 | Orc:2    | 20558 ||| Stepping ~*~*~tactically~*~*~ (hiding).
 20559 | Orc:2    | 20559 ||| Stepping ~*~*~tactically~*~*~ (hiding).
 20560 | Orc:2    | 20560 ||| Stepping ~*~*~tactically~*~*~ (hiding).
 20718 | Orc:2    | Found a staircase to the Elven Halls.
 20733 | Orc:2    | 20733 ||| INVOKING Heroism.
 20756 | Orc:2    | Reached skill level 12 in Shields
 20797 | Orc:2    | 20797 ||| Stepping ~*~*~tactically~*~*~ (hiding).
 20798 | Orc:2    | 20798 ||| FLEEEEING.
 20799 | Orc:2    | 20799 ||| FLEEEEING.
 20800 | Orc:2    | 20800 ||| FLEEEEING.
 20801 | Orc:2    | 20801 ||| FLEEEEING.
 20802 | Orc:2    | 20802 ||| FLEEEEING.
 20803 | Orc:2    | 20803 ||| FLEEEEING.
 20804 | Orc:2    | 20804 ||| FLEEEEING.
 20806 | Orc:2    | 20806 ||| FLEEEEING.
 20807 | Orc:2    | 20807 ||| FLEEEEING.
 20808 | Orc:2    | 20808 ||| FLEEEEING.
 20809 | Orc:2    | 20809 ||| FLEEEEING.
 20810 | Orc:2    | 20810 ||| FLEEEEING.
 20811 | Orc:2    | 20811 ||| FLEEEEING.
 20812 | Orc:2    | 20812 ||| FLEEEEING.
 20816 | Orc:2    | 20816 ||| FLEEEEING.
 20817 | Orc:2    | 20817 ||| FLEEEEING.
 20818 | Orc:2    | 20818 ||| FLEEEEING.
 20819 | Orc:2    | 20819 ||| FLEEEEING.
 20820 | Orc:2    | 20820 ||| FLEEEEING.
 20821 | Orc:2    | 20821 ||| FLEEEEING.
 20822 | Orc:2    | 20822 ||| FLEEEEING.
 20823 | Orc:2    | 20823 ||| FLEEEEING.
 20827 | Orc:2    | 20827 ||| FLEEEEING.
 20828 | Orc:2    | 20828 ||| FLEEEEING.
 20829 | Orc:2    | 20829 ||| FLEEEEING.
 20830 | Orc:2    | 20830 ||| FLEEEEING.
 20831 | Orc:2    | 20831 ||| INVOKING Heroism.
 20867 | Orc:2    | 20867 ||| Stepping ~*~*~tactically~*~*~ (stealth).
 20869 | Orc:2    | 20869 ||| Stepping ~*~*~tactically~*~*~ (hiding).
 20943 | Orc:1    | 20943 ||| INVOKING Heroism.
 20947 | Orc:1    | Noticed Erolcha
 20965 | Orc:1    | Killed Erolcha
 21143 | Orc:1    | Noticed an orc warlord
 21144 | Orc:1    | 21144 ||| INVOKING Heroism.
 21164 | Orc:1    | Killed an orc warlord
 21186 | Orc:1    | 21186 ||| Stepping ~*~*~tactically~*~*~ (hiding).
 21193 | Orc:1    | 21193 ||| INVOKING Heroism.
 21206 | Orc:1    | 21206 ||| Stepping ~*~*~tactically~*~*~ (hiding).
 21219 | Orc:1    | 21219 ||| Stepping ~*~*~tactically~*~*~ (hiding).
 21220 | Orc:1    | 21220 ||| Stepping ~*~*~tactically~*~*~ (hiding).
 21221 | Orc:1    | 21221 ||| Stepping ~*~*~tactically~*~*~ (hiding).
 21222 | Orc:1    | 21222 ||| Stepping ~*~*~tactically~*~*~ (hiding).
 21312 | Orc:1    | 21312 ||| DROPPING +0 morningstar.
 21434 | Orc:2    | Noticed qw's ghost (adept GrFi)
 21525 | Orc:2    | Found an iron altar of Okawaru.
 21570 | Orc:2    | 21570 ||| Stepping ~*~*~tactically~*~*~ (stealth).
 21607 | Orc:2    | 21607 ||| Stepping ~*~*~tactically~*~*~ (stealth).
 21633 | Orc:2    | 21633 ||| Stepping ~*~*~tactically~*~*~ (hiding).
 21634 | Orc:2    | 21634 ||| Stepping ~*~*~tactically~*~*~ (hiding).
 21635 | Orc:2    | 21635 ||| Stepping ~*~*~tactically~*~*~ (hiding).
 21650 | Orc:2    | 21650 ||| INVOKING Heroism.
 21684 | Orc:2    | 21684 ||| Stepping ~*~*~tactically~*~*~ (stealth).
 21724 | Orc:2    | 21724 ||| INVOKING Heroism.
 21831 | Orc:2    | Found Oqalam's Weapon Emporium.
 21831 | Orc:2    | Found Lusmomn's Jewellery Emporium.
 21832 | Orc:2    | Found Zimygget's Book Shoppe.
 21832 | Orc:2    | Found Duzuah's Distillery.
 21840 | Orc:2    | 21840 ||| BUYING +5 ring of evasion (576 gold).
 21840 | Orc:2    | Bought a +5 ring of evasion for 576 gold pieces
 21840 | Orc:2    | 21840 ||| BUYING amulet of faith (640 gold).
 21840 | Orc:2    | Bought an amulet of faith for 640 gold pieces
 21840 | Orc:2    | 21840 ||| SHOPLISTING amulet of the Four Winds {rN+ Will+++
                  | Clar} (971 gold, have 938).
 21840 | Orc:2    | 21840 ||| BUYING ring "Aphilu Nenk" {Ice Will+ Int+3} (702
                  | gold).
 21840 | Orc:2    | Bought the ring "Aphilu Nenk" {Ice Will+ Int+3} for 702
                  | gold pieces
 21843 | Orc:2    | 21843 ||| BUYING 3 potions of attraction (144 gold).
 21843 | Orc:2    | Bought 3 potions of attraction for 144 gold pieces
 21843 | Orc:2    | 21843 ||| BUYING potion of attraction (48 gold).
 21843 | Orc:2    | Bought a potion of attraction for 48 gold pieces
 21843 | Orc:2    | 21843 ||| SHOPLISTING potion of heal wounds (80 gold, have
                  | 44).
 21843 | Orc:2    | 21843 ||| SHOPLISTING potion of lignification (48 gold,
                  | have 44).
 21843 | Orc:2    | 21843 ||| SHOPLISTING potion of magic (128 gold, have 44).
 21950 | Orc:2    | 21950 ||| PLANNING SHOALS:1-3
 21950 | Orc:2    | 21950 ||| UPGRADING to amulet of faith.
 21955 | Orc:2    | 21955 ||| DROPPING +4 ring of slaying {mikee}.
 22099 | Shoals:1 | Entered Level 1 of the Shoals
 22242 | Shoals:1 | 22242 ||| INVOKING Heroism.
 22447 | Shoals:1 | 22447 ||| INVOKING Heroism.
 22730 | Shoals:1 | 22730 ||| INVOKING Heroism.
 22765 | Shoals:1 | Reached skill level 17 in Axes
 23124 | Shoals:1 | 23124 ||| DROPPING amulet of guardian spirit.
 23125 | Shoals:1 | 23125 ||| READING 21 scrolls of identify.
 23125 | Shoals:1 | 23125 ||| IDENTIFYING glowing puce potion
 23126 | Shoals:1 | 23126 ||| DRINKING potion of experience.
 23126 | Shoals:1 | Reached XP level 16. HP: 104/104 MP: 23/23
 23149 | Shoals:2 | 23149 ||| INVOKING Heroism.
 23204 | Shoals:2 | 23204 ||| Stepping ~*~*~tactically~*~*~ (hiding).
 23207 | Shoals:2 | Found Ceurud's Antique Weapon Emporium.
 23212 | Shoals:2 | Reached XP level 17. HP: 98/109 MP: 24/24
 23431 | Shoals:2 | 23431 ||| Stepping ~*~*~tactically~*~*~ (hiding).
 23432 | Shoals:2 | 23432 ||| Stepping ~*~*~tactically~*~*~ (hiding).
 23434 | Shoals:2 | 23434 ||| Stepping ~*~*~tactically~*~*~ (hiding).
 23435 | Shoals:2 | 23435 ||| Stepping ~*~*~tactically~*~*~ (hiding).
 23440 | Shoals:2 | 23440 ||| INVOKING Heroism.
 23628 | Shoals:2 | 23628 ||| Stepping ~*~*~tactically~*~*~ (hiding).
 23631 | Shoals:2 | 23631 ||| INVOKING Heroism.
 23792 | Shoals:2 | Found the +6 Majin-Bo {spellvamp, MP+6 Int+6}
 24294 | Shoals:2 | 24294 ||| READING scroll labelled XAUDGH LERUSM.
 24295 | Shoals:2 | 24295 ||| DROPPING scroll of silence.
 24313 | Shoals:3 | 24313 ||| INVOKING Heroism.
 24557 | Shoals:3 | 24557 ||| INVOKING Heroism.
 24686 | Shoals:3 | 24686 ||| INVOKING Heroism.
 24834 | Shoals:3 | Reached skill level 18 in Axes
 24841 | Shoals:3 | 24841 ||| FLEEEEING.
 24842 | Shoals:3 | 24842 ||| FLEEEEING.
 24843 | Shoals:3 | 24843 ||| FLEEEEING.
 24844 | Shoals:3 | 24844 ||| FLEEEEING.
 24845 | Shoals:3 | 24845 ||| FLEEEEING.
 24846 | Shoals:3 | 24846 ||| FLEEEEING.
 24847 | Shoals:3 | 24847 ||| FLEEEEING.
 24877 | Shoals:3 | Reached skill level 3 in Throwing
 24886 | Shoals:3 | 24886 ||| FLEEEEING.
 24887 | Shoals:3 | 24887 ||| FLEEEEING.
 24888 | Shoals:3 | 24888 ||| FLEEEEING.
 24897 | Shoals:3 | 24897 ||| STAIRDANCE
 24926 | Shoals:2 | 24926 ||| READING 21 scrolls of identify.
 24926 | Shoals:2 | 24926 ||| IDENTIFYING fizzy pink potion
 24927 | Shoals:2 | 24927 ||| DROPPING potion of berserk rage.
 24930 | Shoals:3 | 24930 ||| INVOKING Heroism.
 24944 | Shoals:3 | Received a gift from Okawaru
 25098 | Shoals:3 | 25098 ||| Stepping ~*~*~tactically~*~*~ (hiding).
 25214 | Shoals:3 | 25214 ||| Stepping ~*~*~tactically~*~*~ (hiding).
 25274 | Shoals:3 | Noticed a titan
 25290 | Shoals:3 | 25290 ||| INVOKING Heroism.
 25300 | Shoals:3 | Killed a titan
 25386 | Shoals:3 | Identified the +2 flail "Teimop" {flame, rElec}
 25595 | Shoals:3 | 25595 ||| INVOKING Heroism.
 25596 | Shoals:3 | 25596 ||| INVOKING Finesse.
 25696 | Shoals:3 | Identified the +4 quarterstaff "Vein" {chaos, rF+ rC+
                  | Int+2}
 25817 | Shoals:3 | 25817 ||| PLANNING SPIDER:1-3
 25817 | Shoals:3 | 25817 ||| UPGRADING to +1 kite shield of fire resistance.
 25827 | Shoals:3 | 25827 ||| DROPPING +0 kite shield.
 25964 | Spider:1 | Entered Level 1 of the Spider Nest
 26000 | Spider:1 | 26000 ||| Stepping ~*~*~tactically~*~*~ (stealth).
 26027 | Spider:1 | 26027 ||| INVOKING Finesse.
 26450 | Spider:1 | 26450 ||| Stepping ~*~*~tactically~*~*~ (stealth).
 26635 | Spider:2 | 26635 ||| INVOKING Heroism.
 26642 | Spider:2 | 26642 ||| STAIRDANCE
 26644 | Spider:1 | 26644 ||| DRINKING 9 potions of curing.
 26644 | Spider:1 | 26644 ||| (to cure confusion)
 26779 | Spider:2 | 26779 ||| STAIRDANCE
 26781 | Spider:1 | 26781 ||| DRINKING 8 potions of curing.
 26781 | Spider:1 | 26781 ||| (to cure confusion)
 26782 | Spider:1 | 26782 ||| INVOKING Heroism.
 26852 | Spider:2 | 26852 ||| INVOKING Heroism.
 26995 | Spider:2 | Reached skill level 6 in Throwing
 27040 | Spider:2 | 27040 ||| Stepping ~*~*~tactically~*~*~ (stealth).
 27041 | Spider:2 | 27041 ||| Stepping ~*~*~tactically~*~*~ (stealth).
 27171 | Spider:2 | 27171 ||| Stepping ~*~*~tactically~*~*~ (hiding).
 27177 | Spider:2 | 27177 ||| INVOKING Heroism.
 27178 | Spider:2 | 27178 ||| Stepping ~*~*~tactically~*~*~ (stealth).
 27179 | Spider:2 | 27179 ||| Stepping ~*~*~tactically~*~*~ (stealth).
 27186 | Spider:2 | 27186 ||| PLANNING SPIDER:1-3
 27187 | Spider:2 | 27187 ||| Stepping ~*~*~tactically~*~*~ (stealth).
 27228 | Spider:2 | Reached XP level 18. HP: 68/116 MP: 25/25
 27353 | Spider:2 | 27353 ||| DROPPING +2 war axe of flaming.
 27377 | Spider:2 | 27377 ||| Stepping ~*~*~tactically~*~*~ (stealth).
 27379 | Spider:2 | 27379 ||| Stepping ~*~*~tactically~*~*~ (hiding).
 27411 | Spider:2 | 27411 ||| Stepping ~*~*~tactically~*~*~ (stealth).
 27413 | Spider:2 | 27413 ||| Stepping ~*~*~tactically~*~*~ (stealth).
 27414 | Spider:2 | 27414 ||| Stepping ~*~*~tactically~*~*~ (stealth).
 27436 | Spider:2 | 27436 ||| Stepping ~*~*~tactically~*~*~ (stealth).
 27465 | Spider:2 | 27465 ||| Stepping ~*~*~tactically~*~*~ (stealth).
 27471 | Spider:2 | 27471 ||| Stepping ~*~*~tactically~*~*~ (stealth).
 27473 | Spider:2 | 27473 ||| Stepping ~*~*~tactically~*~*~ (stealth).
 27475 | Spider:2 | 27475 ||| INVOKING Heroism.
 27483 | Spider:2 | Received a gift from Okawaru
 27782 | Spider:2 | 27782 ||| Stepping ~*~*~tactically~*~*~ (stealth).
 27784 | Spider:2 | 27784 ||| Stepping ~*~*~tactically~*~*~ (stealth).
 27798 | Spider:2 | 27798 ||| Stepping ~*~*~tactically~*~*~ (stealth).
 27800 | Spider:2 | 27800 ||| Stepping ~*~*~tactically~*~*~ (hiding).
 27802 | Spider:2 | 27802 ||| INVOKING Finesse.
 27866 | Spider:2 | 27866 ||| INVOKING Heroism.
 27927 | Spider:2 | Received a gift from Okawaru
 27992 | Spider:2 | 27992 ||| INVOKING Heroism.
 27994 | Spider:2 | Noticed Aizul
 28005 | Spider:2 | Killed Aizul
 28017 | Spider:2 | 28017 ||| DROPPING scarf of shadows.
 28021 | Spider:2 | 28021 ||| INVOKING Heroism.
 28038 | Spider:2 | HP: 20/105 [jorogumo/bolt of negative energy (11)]
 28039 | Spider:2 | 28039 ||| READING 14 scrolls of teleportation.
 28040 | Spider:2 | 28040 ||| DRINKING 7 potions of heal wounds.
 28247 | Spider:2 | You are sucked into a shaft and drop 1 floor!
 28265 | Spider:3 | 28265 ||| INVOKING Heroism.
 28271 | Spider:3 | 28271 ||| Stepping ~*~*~tactically~*~*~ (stealth).
 28290 | Spider:3 | 28290 ||| Stepping ~*~*~tactically~*~*~ (stealth).
 28352 | Spider:3 | 28352 ||| FLEEEEING.
 28412 | Spider:2 | Identified the +10 morningstar of Laceration {chaos, Contam
                  | rC- Will+++ Dex+2}
 28448 | Spider:2 | Noticed Arachne
 28449 | Spider:2 | 28449 ||| INVOKING Finesse.
 28470 | Spider:2 | Killed Arachne
 28471 | Spider:2 | Reached skill level 15 in Fighting
 28623 | Spider:2 | 28623 ||| FLEEEEING.
 28624 | Spider:2 | 28624 ||| FLEEEEING.
 28625 | Spider:2 | 28625 ||| FLEEEEING.
 28628 | Spider:2 | 28628 ||| FLEEEEING.
 28629 | Spider:2 | 28629 ||| FLEEEEING.
 28630 | Spider:2 | 28630 ||| FLEEEEING.
 28631 | Spider:2 | 28631 ||| FLEEEEING.
 28632 | Spider:2 | 28632 ||| FLEEEEING.
 28827 | Spider:2 | 28827 ||| FLEEEEING.
 28835 | Spider:2 | 28835 ||| FLEEEEING.
 28836 | Spider:2 | 28836 ||| FLEEEEING.
 28837 | Spider:2 | 28837 ||| FLEEEEING.
 28838 | Spider:2 | 28838 ||| FLEEEEING.
 28839 | Spider:2 | 28839 ||| STAIRDANCE
 28843 | Spider:2 | 28843 ||| STAIRDANCE
 28858 | Spider:2 | 28858 ||| FLEEEEING.
 28859 | Spider:2 | 28859 ||| FLEEEEING.
 28860 | Spider:2 | 28860 ||| FLEEEEING.
 28861 | Spider:2 | 28861 ||| FLEEEEING.
 28862 | Spider:2 | 28862 ||| FLEEEEING.
 28863 | Spider:2 | 28863 ||| STAIRDANCE
 28867 | Spider:2 | 28867 ||| STAIRDANCE
 29072 | Spider:3 | 29072 ||| Stepping ~*~*~tactically~*~*~ (stealth).
 29129 | Spider:3 | 29129 ||| Stepping ~*~*~tactically~*~*~ (stealth).
 29133 | Spider:3 | Noticed Donald
 29134 | Spider:3 | 29134 ||| INVOKING Heroism.
 29149 | Spider:3 | Killed Donald
 29243 | Spider:3 | 29243 ||| Stepping ~*~*~tactically~*~*~ (stealth).
 29416 | Spider:3 | 29416 ||| INVOKING Heroism.
 29514 | Spider:3 | Noticed Asterion
 29515 | Spider:3 | 29515 ||| Stepping ~*~*~tactically~*~*~ (hiding).
 29516 | Spider:3 | 29516 ||| Stepping ~*~*~tactically~*~*~ (hiding).
 29517 | Spider:3 | 29517 ||| INVOKING Heroism.
 29527 | Spider:3 | Killed Asterion
 29534 | Spider:3 | 29534 ||| Stepping ~*~*~tactically~*~*~ (stealth).
 29549 | Spider:3 | 29549 ||| Stepping ~*~*~tactically~*~*~ (stealth).
 29643 | Spider:3 | 29643 ||| INVOKING Heroism.
 29806 | Spider:3 | Received a gift from Okawaru
 29963 | Spider:3 | 29963 ||| FLEEEEING.
 29964 | Spider:3 | 29964 ||| FLEEEEING.
 29965 | Spider:3 | 29965 ||| FLEEEEING.
 29966 | Spider:3 | 29966 ||| FLEEEEING.
 29967 | Spider:3 | 29967 ||| STAIRDANCE
 29971 | Spider:3 | 29971 ||| STAIRDANCE
 30125 | Spider:3 | 30125 ||| PLANNING SHOALS:4
 30275 | Shoals:4 | Entered Level 4 of the Shoals
 30298 | Shoals:4 | 30298 ||| INVOKING Heroism.
 30525 | Shoals:4 | 30525 ||| INVOKING Heroism.
 30557 | Shoals:4 | 30557 ||| Stepping ~*~*~tactically~*~*~ (hiding).
 30558 | Shoals:4 | 30558 ||| Stepping ~*~*~tactically~*~*~ (hiding).
 30612 | Shoals:4 | 30612 ||| Stepping ~*~*~tactically~*~*~ (stealth).
 30636 | Shoals:4 | Received a gift from Okawaru
 30639 | Shoals:4 | Reached skill level 15 in Armour
 30721 | Shoals:4 | 30721 ||| Stepping ~*~*~tactically~*~*~ (stealth).
 30722 | Shoals:4 | 30722 ||| Stepping ~*~*~tactically~*~*~ (stealth).
 30724 | Shoals:4 | 30724 ||| Stepping ~*~*~tactically~*~*~ (stealth).
 30757 | Shoals:4 | Identified the +3 troll leather armour of Proximity {*Slow
                  | rPois Will+ Regen+ Dex+4}
 30794 | Shoals:4 | 30794 ||| Stepping ~*~*~tactically~*~*~ (stealth).
 30795 | Shoals:4 | 30795 ||| Stepping ~*~*~tactically~*~*~ (stealth).
 30796 | Shoals:4 | 30796 ||| Stepping ~*~*~tactically~*~*~ (stealth).
 30805 | Shoals:4 | 30805 ||| INVOKING Heroism.
 30825 | Shoals:4 | Identified the +1 chain mail of the Seven Beds {rC+ rCorr}
                  | (Okawaru gifted it to you on level 4 of the Shoals)
 30825 | Shoals:4 | Received a gift from Okawaru
 30844 | Shoals:4 | 30844 ||| FLEEEEING.
 30846 | Shoals:4 | 30846 ||| FLEEEEING.
 30870 | Shoals:4 | 30870 ||| INVOKING Heroism.
 30871 | Shoals:4 | 30871 ||| INVOKING Finesse.
 30895 | Shoals:4 | HP: 19/119 [merfolk javelineer/javelin (12)]
 30896 | Shoals:4 | 30896 ||| READING 13 scrolls of teleportation.
 30897 | Shoals:4 | 30897 ||| DRINKING 7 potions of heal wounds.
 30991 | Shoals:4 | 30991 ||| INVOKING Heroism.
 31016 | Shoals:4 | 31016 ||| INVOKING Heroism.
 31111 | Shoals:4 | Reached skill level 15 in Shields
 31142 | Shoals:4 | Reached XP level 19. HP: 107/124 MP: 26/26
 31271 | Shoals:4 | 31271 ||| Stepping ~*~*~tactically~*~*~ (hiding).
 31272 | Shoals:4 | 31272 ||| Stepping ~*~*~tactically~*~*~ (hiding).
 31273 | Shoals:4 | 31273 ||| Stepping ~*~*~tactically~*~*~ (hiding).
 31274 | Shoals:4 | 31274 ||| INVOKING Heroism.
 31285 | Shoals:4 | Reached skill level 9 in Throwing
 31285 | Shoals:4 | 31285 ||| Stepping ~*~*~tactically~*~*~ (hiding).
 31286 | Shoals:4 | 31286 ||| Stepping ~*~*~tactically~*~*~ (hiding).
 31396 | Shoals:4 | 31396 ||| Stepping ~*~*~tactically~*~*~ (stealth).
 31451 | Shoals:4 | Identified the +1 whip of Mastery {holy, rC+ Str+2 Dex+3}
 31639 | Shoals:4 | Got a barnacled rune of Zot
 31926 | Shoals:4 | 31926 ||| PLANNING VAULTS:1-4
 31926 | Shoals:4 | 31926 ||| DROPPING +0 acid dragon scales.
 31962 | Shoals:4 | 31962 ||| INVOKING Heroism.
 32346 | Vaults:1 | Entered Level 1 of the Vaults
 32441 | Vaults:1 | 32441 ||| Stepping ~*~*~tactically~*~*~ (stealth).
 32455 | Vaults:1 | 32455 ||| Stepping ~*~*~tactically~*~*~ (hiding).
 32456 | Vaults:1 | 32456 ||| Stepping ~*~*~tactically~*~*~ (hiding).
 32568 | Vaults:1 | 32568 ||| READING scroll of acquirement.
 32568 | Vaults:1 | 32568 ||| ACQUIRING +0 cloak of Xawnuti {-Cast rC+ Will+
                  | Stlth+}
 32568 | Vaults:1 | Acquired the +0 cloak of Xawnuti {-Cast rC+ Will+ Stlth+}
 32570 | Vaults:1 | 32570 ||| UPGRADING to +0 cloak of Xawnuti {-Cast rC+ Will+
                  | Stlth+}.
 32580 | Vaults:1 | 32580 ||| DROPPING +0 cloak.
 32680 | Vaults:1 | 32680 ||| Stepping ~*~*~tactically~*~*~ (hiding).
 32682 | Vaults:1 | 32682 ||| Stepping ~*~*~tactically~*~*~ (hiding).
 32684 | Vaults:1 | 32684 ||| Stepping ~*~*~tactically~*~*~ (hiding).
 32685 | Vaults:1 | 32685 ||| Stepping ~*~*~tactically~*~*~ (hiding).
 32745 | Vaults:1 | 32745 ||| FLEEEEING.
 32754 | Vaults:1 | 32754 ||| FLEEEEING.
 32755 | Vaults:1 | 32755 ||| FLEEEEING.
 32756 | Vaults:1 | 32756 ||| FLEEEEING.
 32757 | Vaults:1 | 32757 ||| FLEEEEING.
 32758 | Vaults:1 | 32758 ||| FLEEEEING.
 32759 | Vaults:1 | 32759 ||| FLEEEEING.
 32760 | Vaults:1 | 32760 ||| FLEEEEING.
 32761 | Vaults:1 | 32761 ||| FLEEEEING.
 32762 | Vaults:1 | 32762 ||| STAIRDANCE
 32810 | D:13     | 32810 ||| UPGRADING to +5 ring of evasion.
 32870 | Vaults:1 | 32870 ||| INVOKING Heroism.
 32873 | Vaults:1 | 32873 ||| Stepping ~*~*~tactically~*~*~ (stealth).
 32902 | Vaults:1 | 32902 ||| FLEEEEING.
 32903 | Vaults:1 | 32903 ||| FLEEEEING.
 32904 | Vaults:1 | 32904 ||| FLEEEEING.
 32905 | Vaults:1 | 32905 ||| FLEEEEING.
 32906 | Vaults:1 | 32906 ||| FLEEEEING.
 32907 | Vaults:1 | 32907 ||| FLEEEEING.
 32908 | Vaults:1 | 32908 ||| FLEEEEING.
 32909 | Vaults:1 | 32909 ||| FLEEEEING.
 32910 | Vaults:1 | 32910 ||| FLEEEEING.
 32911 | Vaults:1 | 32911 ||| FLEEEEING.
 32912 | Vaults:1 | 32912 ||| FLEEEEING.
 32913 | Vaults:1 | 32913 ||| FLEEEEING.
 32989 | Vaults:1 | 32989 ||| Stepping ~*~*~tactically~*~*~ (stealth).
 32991 | Vaults:1 | 32991 ||| Stepping ~*~*~tactically~*~*~ (stealth).
 32996 | Vaults:1 | 32996 ||| INVOKING Heroism.
 33043 | Vaults:1 | 33043 ||| Stepping ~*~*~tactically~*~*~ (stealth).
 33264 | Vaults:1 | Found Jeupriol's General Store.
 33272 | Vaults:1 | 33272 ||| BUYING 2 potions of lignification (90 gold).
 33272 | Vaults:1 | Bought 2 potions of lignification for 90 gold pieces
 33272 | Vaults:1 | 33272 ||| BUYING ring "Attehar" {rF+ MP+9 Str+3 Dex-3} (510
                  | gold).
 33272 | Vaults:1 | Bought the ring "Attehar" {rF+ MP+9 Str+3 Dex-3} for 510
                  | gold pieces
 33272 | Vaults:1 | 33272 ||| BUYING scroll of teleportation (45 gold).
 33272 | Vaults:1 | Bought a scroll of teleportation for 45 gold pieces
 33305 | Vaults:1 | 33305 ||| Stepping ~*~*~tactically~*~*~ (hiding).
 33318 | Vaults:1 | 33318 ||| Stepping ~*~*~tactically~*~*~ (hiding).
 33516 | Vaults:1 | 33516 ||| FLEEEEING.
 33520 | Vaults:1 | 33520 ||| INVOKING Heroism.
 33525 | Vaults:1 | 33525 ||| Stepping ~*~*~tactically~*~*~ (hiding).
 33533 | Vaults:1 | HP: 28/127 [orc warlord/+5 bardiche of protection (10)]
 33534 | Vaults:1 | 33534 ||| READING 14 scrolls of teleportation.
 33535 | Vaults:1 | 33535 ||| DRINKING 7 potions of heal wounds.
 33558 | Vaults:1 | 33558 ||| INVOKING Finesse.
 33566 | Vaults:1 | Received a gift from Okawaru
 33575 | Vaults:1 | HP: 8/128 [orc warlord/+5 bardiche of protection (27)]
 33576 | Vaults:1 | 33576 ||| READING 13 scrolls of teleportation.
 33576 | Vaults:1 | Slain by an ironbound frostheart

Levels and vault maps discovered:
D:1:      minmay_arrival_plants_in_alcoves, layout_rooms, minmay_unequal
D:2:      layout_loops_cross
D:3:      layout_basic, lemuel_tele_altar, lemuel_zombie_altar_kikubaaqudgha,
          general_overflow_altar, dreamdust_princess_bridge
D:4:      minmay_clustersquares, layout_basic, mainiacjoe_overflow_24_doors,
          minmay_hedge_maze, uniq_eustachio
D:5:      layout_loops_corners, mainiacjoe_overflow_alcove_2,
          minmay_temple_entry_trees, lightli_minifort
D:6:      minmay_thinvault, layout_loops_ring, lemuel_doored_altar,
          doesnt_xom_only_xom
D:7:      layout_basic, corexii_hall_statues_l, hangedman_abyss_or_decor_slice,
          dreamdust_mushroom_princess, minivault_10
D:8:      layout_cave_pods, nicolae_tso_besieged_by_evil,
          mainiacjoe_overflow_boulevard,
          chequers_temple_overflow_statue_of_worship,
          mainiacjoe_overflow_tiny_flanked, minmay_manual_maat
D:9:      minmay_general_purpose_star, layout_rooms, fedhas_altar_3,
          ashenzari_conservatory_becter, mainiacjoe_overflow_chevrons,
          david_lair_shrubbed, enter_bailey_6, serial_bayou_lagoon_b
D:10:     layout_basic, mainiacjoe_overflow_six_doors_small,
          gammafunk_ghost_smash, nicolae_straight_to_the_point
D:11:     layout_grid_maze
D:12:     layout_roguey, biasface_ghost_orc_armoury, grunt_gozag_breadcrumbs
D:13:     layout_basic, ximxim_vaults_locker_room, uniq_nessos
D:14:     layout_loops_ring, minmay_holes, chequers_serial_rivers_marsh,
          uniq_azrael
D:15:     grunt_enter_depths_magical_seal, layout_basic, serial_bayou_pond_d,
          grunt_decor_mini_mirrors, uniq_agnes, uniq_jorgrun
Temple:   nicolae_temple_ecumenical_triangle
Lair:1:   layout_cave_pods, grunt_megastairs_5, serial_bayou_shore_b
Lair:2:   layout_cellular_growth, minmay_shoals_entry_centaurs,
          spider_nest_entry_a, maelrawn_ghost_gauntlet_escape,
          grunt_forest_small_clearing_treed, infiniplex_staircase_pool_2
Lair:3:   layout_misc_corridors
Lair:4:   layout_roguey, serial_bayou_shore_b, grunt_megastairs_4,
          infiniplex_staircase_pool
Lair:5:   minmay_lair_end_enchanted_forest, layout_gridlike, slime_entry_1,
          guppyfry_lair_drakes
Shoals:1: layout_shoals
Shoals:2: layout_shoals, serial_shops, nicolae_shop_stone
Shoals:3: cheibrodos_shoals_gigantism, layout_shoals, nicolae_shoals_drake_roost
Shoals:4: shoals_end_grunt_garden, layout_shoals
Spider:1: layout_spider_delve
Spider:2: nicolae_spider_hilbert_zone_6 [nicolae_spider_hilbert_4_sides_1_open,
          nicolae_spider_hilbert_4_sides_1_open,
          nicolae_spider_hilbert_4_sides_1_open,
          nicolae_spider_hilbert_4_sides_1_open,
          nicolae_spider_hilbert_4_sides_1_open,
          nicolae_spider_hilbert_4_sides_1_open,
          nicolae_spider_hilbert_4_sides_1_open], hangedman_stitches_earthworm,
          uniq_arachne, uniq_aizul
Spider:3: layout_spider_delve, uniq_donald, uniq_asterion
Orc:1:    layout_caves, minmay_orc_temple_c, uniq_erolcha
Orc:2:    st_orc_pillars, layout_diamond_mine, gammafunk_ghost_fury_of_okawaru
Vaults:1: nicolae_vaults_network_star, nicolae_vaults_big_angled_halls,
          nicolae_vaults_ellipses_ellipsis, hangedman_vaults_impose, v_misc_10,
          nicolae_vaults_mini_display_case, nicolae_vaults_loss_of_containment,
          vaults_room_corners, ontoclasm_vaults_ring_small,
          vaults_dpeg_diagonal, hangedman_vaults_snaps, nicolae_vaults_two_Ls,
          layout_vaults_maze, serial_shops, nicolae_shop_stone

Skill      XL: |  1  2  3  4  5  6  7  8  9 10 11 12 13 14 15 16 17 18 19 |
---------------+----------------------------------------------------------+-----
Axes           | 2 3 4 5 6 7 9 10 11 12 13 14 16 17 18 | 18.0
Fighting       | 4 5 6 7 8 9 10 11 12 13 14 15 17 | 17.0
Dodging        | 1 2 3 4 |  4.0
Armour         | 4 7 8 9 10 11 12 13 15 16 | 16.0
Shields        | 4 5 6 7 8 13 14 15 | 15.1
Throwing       | 1 2 6 8 9 |  9.0
Invocations    | 4 6 10 | 10.0

Action                     |  1- 3 |  4- 6 |  7- 9 | 10-12 | 13-15 | 16-18 | 19-21 || total
---------------------------+-------+-------+-------+-------+-------+-------+-------++-------
  Melee: War axe           |    69 |    72 |       |       |       |       |       ||   141
         Broad axe         |       |    53 |   272 |   371 |  1142 |  1216 |   281 ||  3335
         Morningstar       |       |       |       |     5 |     1 |       |       ||     6
  Throw: Boomerang         |       |       |    23 |   111 |   168 |    95 |     8 ||   405
         Javelin           |       |       |       |       |       |    65 |    49 ||   114
 Invoke: Heroism           |       |       |       |    14 |    30 |    28 |     5 ||    77
         Finesse           |       |       |       |     3 |     4 |     5 |     1 ||    13
    Use: Scroll            |     2 |     6 |    13 |     5 |     4 |     4 |     3 ||    37
         Potion            |       |     3 |     2 |       |     2 |     4 |     1 ||    12
   Stab: Held in net/web   |       |       |       |       |       |     1 |       ||     1
         Distracted        |       |       |       |       |       |     1 |       ||     1
 Armour: Scale mail        |    46 |    46 |     8 |       |       |       |       ||   100
         Leather armour    |       |       |    10 |       |       |       |       ||    10
         Chain mail        |       |       |    63 |       |       |       |       ||    63
         Plate armour      |       |       |    16 |   177 |   365 |   576 |    84 ||  1218
  Dodge: Dodged            |    18 |    47 |    72 |    90 |   328 |   424 |    76 ||  1055
  Block: Buckler           |    11 |    17 |    27 |    42 |    95 |       |       ||   192
         Kite shield       |       |       |       |       |   167 |   544 |    97 ||   808

Table legend:
 A = Non-vault XP
 B = Vault XP
 C = Vault XP percentage of total XP
 D = Non-vault monster count
 E = Vault monster count
 F = Vault count percentage of total count
                 A         B        C        D         E       F
            +---------+---------+-------+---------+---------+-------
      Total |  204576 |  109062 |  34.8 |     753 |     321 |  29.9
            +---------+---------+-------+---------+---------+-------
        D:1 |      31 |       7 |  18.4 |      17 |       4 |  19.0
        D:2 |     108 |       0 |   0.0 |      16 |       0 |   0.0
        D:3 |      31 |     199 |  86.5 |       9 |       3 |  25.0
        D:4 |     371 |     249 |  40.2 |      23 |      12 |  34.3
        D:5 |     546 |     127 |  18.9 |      14 |       4 |  22.2
        D:6 |     491 |     338 |  40.8 |      17 |      11 |  39.3
        D:7 |    1188 |       0 |   0.0 |      41 |       0 |   0.0
        D:8 |    2486 |     986 |  28.4 |      33 |      18 |  35.3
        D:9 |    2508 |     747 |  22.9 |      35 |       3 |   7.9
       D:10 |    2398 |       0 |   0.0 |      14 |       0 |   0.0
       D:11 |    4222 |       0 |   0.0 |      20 |       0 |   0.0
       D:12 |    8697 |       0 |   0.0 |      27 |       0 |   0.0
       D:13 |    8982 |    4701 |  34.4 |      34 |      13 |  27.7
       D:14 |    3908 |    1575 |  28.7 |       9 |       5 |  35.7
       D:15 |    5510 |    7899 |  58.9 |      14 |      11 |  44.0
     Lair:1 |    6323 |     425 |   6.3 |      29 |       1 |   3.3
     Lair:2 |    3287 |    1085 |  24.8 |      11 |       7 |  38.9
     Lair:3 |    7926 |       0 |   0.0 |      21 |       0 |   0.0
     Lair:4 |    4319 |     187 |   4.2 |      14 |       1 |   6.7
     Lair:5 |    9482 |    8495 |  47.3 |      33 |      45 |  57.7
   Shoals:1 |    7799 |       0 |   0.0 |      20 |       0 |   0.0
   Shoals:2 |   15687 |       0 |   0.0 |      30 |       0 |   0.0
   Shoals:3 |   18350 |    5313 |  22.5 |      35 |      13 |  27.1
   Shoals:4 |   18437 |   18002 |  49.4 |      42 |      28 |  40.0
   Spider:1 |   10091 |    1199 |  10.6 |      25 |       1 |   3.8
   Spider:2 |   23085 |   16901 |  42.3 |      68 |      23 |  25.3
   Spider:3 |   14694 |    2733 |  15.7 |      36 |       2 |   5.3
      Orc:1 |    2104 |    6038 |  74.2 |      16 |      34 |  68.0
      Orc:2 |    1951 |    9220 |  82.5 |      20 |      49 |  71.0
   Vaults:1 |   19564 |   22636 |  53.6 |      30 |      33 |  52.4
            +---------+---------+-------+---------+---------+-------
